 Dungeon Crawl Stone Soup version 0.26.1-11-gd32895ea62 (webtiles) character file.

Game seed: 14741105344012097405

398 Zeld the Firebug (level 6, -6/32 HPs)
             Began as a Deep Elf Fire Elementalist on May 24, 2021.
             Engulfed by a cloud of flame (20 damage)
             ... on level 3 of the Dungeon.
             The game lasted 00:17:14 (7902 turns).

Zeld the Firebug (Deep Elf Fire Elementalist)       Turns: 7902, Time: 00:17:14

Health: -6/32      AC:  5    Str:  5    XL:     6   Next: 53%
Magic:  6/15       EV: 14    Int: 22    God:
Gold:   105        SH:  0    Dex: 15    Spells: 1/14 levels left

rFire    . . .     SeeInvis .   (no weapon)
rCold    . . .     Faith    .   (no shield)
rNeg     . . .     Spirit   .   a - +0 robe
rPois    .         Reflect  .   d - +0 helmet
rElec    .         Harm     .   (no cloak)
rCorr    .         Rampage  .   p - +0 pair of gloves
Will     .....                  f - +0 pair of boots
Stlth    ++........             (no amulet)
HPRegen  0.10/turn              (no ring)
MPRegen  0.14/turn              (no ring)

@: no status effects
A: no striking features
a: no special abilities


You were on level 3 of the Dungeon.
You visited 1 branch of the dungeon, and saw 3 of its levels.

You collected 105 gold pieces.

Inventory:

Armour
 a - a +0 robe (worn)
 d - a +0 helmet (worn)
 f - a +0 pair of boots (worn)
 p - a +0 pair of gloves (worn)
Scrolls
 b - 2 scrolls of identify
 c - a scroll of enchant weapon
 h - a scroll of amnesia
 i - 2 scrolls of remove curse
 m - 4 scrolls of teleportation {unknown}
 n - a scroll of random uselessness {unknown}
 q - a scroll of fear {unknown}
Potions
 e - 2 potions of heal wounds
 g - 2 potions of mutation {unknown}
 j - 2 potions of cancellation {unknown}
 k - a potion of flight {unknown}
 l - a potion of berserk rage {unknown}
 o - a potion of curing {unknown}


   Skills:
 + Level 4.0 Dodging
 - Level 2.4 Stealth
 + Level 4.7 Spellcasting
 * Level 4.2 Conjurations
 * Level 5.4 Fire Magic


You had one spell level left.
You knew the following spells:

 Your Spells              Type           Power        Failure   Level
a - Foxfire               Conj/Fire      100%         1%          1
b - Conjure Flame         Conj/Fire      26%          4%          3
c - Sticky Flame          Conj/Fire      26%          14%         4
d - Fireball              Conj/Fire      13%          36%         5

Your spell library contained the following spells:

 Spells                   Type           Power        Failure   Level
 Inner Flame              Hex/Fire       17%          11%         3


Dungeon Overview and Level Annotations

Branches:
Dungeon (3/15)

Altars:
Gozag
Kikubaaqudgha
Uskayaw
Xom


Message History

You start resting.
Magic restored.
m - 4 scrolls labelled VOFOZA TARCHAMI (gained 1)
An orc comes into view.
A rat comes into view.
An orc priest comes into view. It is wielding a +0 falchion.
Casting: Foxfire (safe; 1% risk of failure)
Confirm with . or Enter, or press ? or * to list all spells.
The fire begins to smolder!
The orc shouts!
The orc priest shouts!
An orc comes into view.
Casting: Conjure Flame (dangerous; 4% risk of failure)
Confirm with . or Enter, or press ? or * to list all spells.
The fire ignites!
You are engulfed in blazing flames.
Ouch! That really hurt!
Casting: Conjure Flame (dangerous; 4% risk of failure)
Confirm with . or Enter, or press ? or * to list all spells.
The fire blazes with new energy!
You are engulfed in blazing flames.
Ouch! That really hurt!
You die...

#########
##........
....... r.
...... ..
.#.####...####.#
............o...
#.....@#.......
######..##......
#..#.#.....
##...#.##...
#.....##.#..
#.....#.#.#
#......#.#
#.......#
#.......#


You could see an orc priest.

Vanquished Creatures
  Sigmund (D:2)
  A howler monkey (D:2)
  An orc wizard (D:3)
  7 adders
  5 worms
  3 dart slugs
  6 leopard geckos
  3 orcs (D:3)
  A giant cockroach (D:2)
  10 goblins
  4 hobgoblins
  5 jackals
  A quokka (D:2)
  A ball python (D:2)
  9 bats
  3 frilled lizards
  5 kobolds
  8 rats
74 creatures vanquished.

Vanquished Creatures (others)
  235 foxfires
235 creatures vanquished.

Grand Total: 309 creatures vanquished

Notes
Turn   | Place    | Note
-------+----------+-------------------------------------------
     0 | D:1      | Zeld the Deep Elf Fire Elementalist began the quest for the
                  | Orb.
     0 | D:1      | Reached XP level 1. HP: 10/10 MP: 6/6
   910 | D:1      | Reached XP level 2. HP: 15/15 MP: 4/8
  2641 | D:1      | Reached XP level 3. HP: 17/19 MP: 6/9
  2645 | D:1      | Learned a level 3 spell: Conjure Flame
  4020 | D:2      | Found a shimmering altar of Xom.
  4023 | D:2      | Reached skill level 4 in Fire Magic
  4040 | D:2      | Reached XP level 4. HP: 24/24 MP: 6/11
  4087 | D:2      | Learned a level 4 spell: Sticky Flame
  4702 | D:2      | Noticed Sigmund
  5124 | D:2      | Reached XP level 5. HP: 28/28 MP: 9/12
  5977 | D:2      | Found an opulent altar of Gozag.
  6170 | D:2      | Killed Sigmund
  6171 | D:2      | Reached skill level 5 in Fire Magic
  6171 | D:2      | Reached XP level 6. HP: 16/32 MP: 8/14
  6533 | D:2      | Learned a level 5 spell: Fireball
  7422 | D:3      | Found an ancient bone altar of Kikubaaqudgha.
  7458 | D:3      | Found a hide-covered altar of Uskayaw.
  7902 | D:3      | Engulfed by a cloud of flame

Illustrated notes

Levels and vault maps discovered:
D:1:      ncdulo_wetmaze, layout_basic, minmay_tree_intersection
D:2:      layout_loops_ring, lemuel_crystal_altar, marbit_many_paths,
          minmay_statues_item, uniq_sigmund
D:3:      layout_basic, general_overflow_altar, gammafunk_temple_overflow_pools,
          overflow_temple_1_default, minmay_misc_feat_secret_circle,
          chequers_serial_rivers_micro_b

Skill      XL: |  1  2  3  4  5  6 |
---------------+-------------------+-----
Conjurations   | 2 3 4 |  4.2
Fire Magic     | 4 5 |  5.4
Dodging        | 3 4 |  4.0
Spellcasting   | 4 |  4.7
Stealth        | |  2.4

Action                   |  1- 3 |  4- 6 || total
-------------------------+-------+-------++-------
Melee: Unarmed           |     1 |     1 ||     2
 Cast: Foxfire           |    74 |   107 ||   181
       Conjure Flame     |       |     3 ||     3
  Use: Potion            |       |     1 ||     1
       Scroll            |       |     3 ||     3
Armor: Robe              |    14 |    14 ||    28
Dodge: Dodged            |    34 |    56 ||    90
